 Dungeon Crawl Stone Soup version 0.28-a0-938-gbc3f381ebc (webtiles) character file.

Game seed: 12802232139700246143

32 Peloso the Skirmisher (level 3, 0/33 HPs)
             Began as a Minotaur Fighter on Nov 28, 2021.
             Slain by a phantom (3 damage)
             ... on level 2 of the Dungeon.
             The game lasted 00:02:43 (1042 turns).

Peloso the Skirmisher (Minotaur Fighter)            Turns: 1042, Time: 00:02:43

Health: 0/33       AC:  8    Str: 20    XL:     3   Next: 8%
Magic:  2/2        EV:  9    Int:  5    God:
Gold:   23         SH:  4    Dex: 10    Spells: 2/2 levels left

rFire   . . .      SeeInvis +   a - +0 long sword
rCold   . . .      Faith    .   c - +0 buckler
rNeg    . . .      Spirit   .   b - +0 scale mail
rPois   .          Reflect  .   (helmet restricted)
rElec   .          Harm     .   f - +0 cloak
rCorr   .          Rampage  .   (no gloves)
Will    .....                   (no boots)
Stlth   ..........              (no amulet)
HPRegen 0.11/turn               e - ring of see invisible
MPRegen 0.08/turn               (no ring)

@: mighty
A: horns 2, retaliatory headbutt
a: no special abilities


You were on level 2 of the Dungeon.
You visited 1 branch of the dungeon, and saw 4 of its levels.

You collected 23 gold pieces.

Inventory:

Hand Weapons
 a - a +0 long sword (weapon)
Armour
 b - a +0 scale mail (worn)
 c - a +0 buckler (worn)
 f - a +0 cloak (worn)
Jewellery
 e - a ring of see invisible (left hand)
Scrolls
 g - a scroll of noise
 h - 4 scrolls of identify
 i - a scroll of enchant weapon {unknown}
 j - a scroll of amnesia {unknown}
Potions
 d - a potion of might


   Skills:
 + Level 4.1 Fighting
 + Level 3.0 Long Blades
 + Level 4.0 Armour
 + Level 0.5 Dodging
 + Level 4.0 Shields


You had 2 spell levels left.
You didn't know any spells.
Your spell library was empty.

Dungeon Overview and Level Annotations

Branches:
Dungeon (4/15)
 Temple: D:4-7

Altars:
Ashenzari

Shops:
D:1 =


Innate Abilities, Weirdness & Mutations

You have a pair of horns on your head.
You reflexively headbutt those who attack you in melee.


Message History

The phantom hits you.
You closely miss the phantom. The phantom closely misses you.
You closely miss the phantom.
The phantom hits you but does no damage.
You miss the phantom.
You headbutt the phantom, but do no damage.
The phantom hits you but does no damage.
You hit the phantom. You headbutt the phantom.
The phantom is moderately damaged.
The phantom hits you.
The phantom blinks!
You blink.
The phantom hits you.
You closely miss the phantom. Your headbutt misses the phantom.
The phantom is moderately damaged.
The phantom hits you.
The phantom blinks!
You blink.
You barely miss the phantom.
The phantom is moderately damaged.
The phantom hits you but does no damage.
You barely miss the phantom.
The phantom is moderately damaged.
The phantom completely misses you.
You barely miss the phantom.
The phantom is moderately damaged.
The phantom hits you.
The phantom blinks!
You blink.
The phantom hits you but does no damage.
You closely miss the phantom.
The phantom is moderately damaged.
The phantom hits you but does no damage.
You closely miss the phantom.
The phantom is moderately damaged.
The phantom hits you.
* * * LOW HITPOINT WARNING * * *
You barely miss the phantom. Your headbutt misses the phantom.
The phantom is moderately damaged.
The phantom hits you.
* * * LOW HITPOINT WARNING * * *
The phantom hits you.
* * * LOW HITPOINT WARNING * * *
The phantom blinks!
You blink.
You feel very mighty all of a sudden. The phantom hits you.
You die...

######...##.........#
#.......$..†##..#####.#
#...........###.# ###.#
#...........###.###...+
#...........##....#.#.#
+...........##.#..#.#.#
#..........###.#..#.#.#
#####+##§..W.#.#..#.#.#
+....@+.##.#.#'#######
#
#.....####......##....
#
#.....#.............#.
#
#.....#.###...........
# #.....# #...........
# #.....# ##..........
# ....... #.....#'#.. #
......^. ##..#.#.#.. #
.. #..#.#.#..


You could see a phantom.

Vanquished Creatures
  4 dart slugs (D:1)
  3 endoplasms (D:1)
  3 giant cockroaches
  2 goblins (D:1)
  4 ball pythons
  2 bats
  4 frilled lizards
  2 kobolds
  A rat (D:1)
25 creatures vanquished.

Notes
Turn   | Place    | Note
-------+----------+-------------------------------------------
     0 | D:1      | Peloso the Minotaur Fighter began the quest for the Orb.
     0 | D:1      | Reached XP level 1. HP: 19/19 MP: 0/0
   113 | D:1      | Reached XP level 2. HP: 27/27 MP: 1/1
   535 | D:1      | Found Leuloon's Jewellery Shoppe.
   758 | D:4      | Reached XP level 3. HP: 33/33 MP: 2/2
   769 | D:4      | Found a broken altar of Ashenzari.
  1024 | D:2      | Noticed a phantom
  1042 | D:2      | Slain by a phantom

Illustrated notes

Levels and vault maps discovered:
D:1:      dpeg_arrival_yet_another_circle, layout_rooms, serial_shops,
          nicolae_shop_crystal
D:2:      layout_basic, minmay_misc_feat_alley
D:3:      layout_basic, ebering_ghost_sewer_f
D:4:      layout_loops_ring, ashenzari_altar_1,
          amcnicky_mini_rare_corridor_liquid, minmay_fractal_squares_diagonal_5,
          uniq_edmund

Skill      XL: |  1  2  3 |
---------------+----------+-----
Shields        | 4 |  4.0
Fighting       | 4 |  4.1
Long Blades    | 3 |  3.0
Armour         | 4 |  4.0
Dodging        | |  0.5

Action                   || total
-------------------------++-------
Melee: Long sword        ||    58
       Headbutt          ||    10
  Use: Scroll            ||     2
       Potion            ||     2
Armor: Scale mail        ||    39
Dodge: Dodged            ||    27
Block: Buckler           ||     6

Table legend: (Time is in decaauts)
 A = Elapsed time spent in this place.
 B = Non-inter-level travel time spent in this place.
 C = Inter-level travel time spent in this place.
 D = Time resting spent in this place.
 E = Time spent auto-exploring this place.
 F = Levels seen in this place.
 G = Mean time per level.
                   A        B        C        D        E       F      G
               +--------+--------+--------+--------+--------+-----+--------+
         Total |   1059 |   1043 |     16 |     31 |    755 |   4 |  264.8 |
       Dungeon |   1059 |   1043 |     16 |     31 |    755 |   4 |  264.8 |
               +--------+--------+--------+--------+--------+-----+--------+

Top non-repeatable levels by time:
     D:1: 738 daAuts
     D:2: 159 daAuts
     D:4: 145 daAuts
     D:3: 15 daAuts
